 Dungeon Crawl Stone Soup version 0.20.0-15-g7f486f2 (webtiles) character file.

11456 Lenore the Martial Artist (level 11, -7/105 HPs)
             Began as a Demigod Transmuter on June 30, 2017.
             Mangled by a six-headed hydra (14 damage)
             ... on level 4 of the Lair of Beasts on July 1, 2017.
             The game lasted 00:51:23 (12984 turns).

Lenore the Martial Artist (Demigod Transmuter)     Turns: 12984, Time: 00:51:24

Health: -7/105     AC: 15    Str: 13    XL:     11   Next: 25%
Magic:  14/23      EV: 19    Int: 29    God:
Gold:   564        SH:  0    Dex: 18    Spells: 0/20 levels left

rFire    x . .     SeeInvis .     - Unarmed
rCold    + + +     Gourm    .   (shield currently unavailable)
rNeg     . . .     Faith    .   (armour currently unavailable)
rPois    +         Spirit   .   (helmet currently unavailable)
rElec    .         Reflect  .   (cloak currently unavailable)
rCorr    .         Harm     .   (gloves currently unavailable)
MR       ++...                  (boots currently unavailable)
Stlth    ++........             y - amulet of magic regeneration
Regen    0.3/turn               I - ring "Ustagimp" {EV+5 Int+6 Dex+2}
MPRegen  0.3/turn               r - ring of protection from magic

@: icy armour, ice-form, very slightly contaminated, slow
A: high mp 1
a: End Transformation


You were on level 4 of the Lair of Beasts.
You were hungry.
You were a creature of crystalline ice.
You visited 2 branches of the dungeon, and saw 13 of its levels.

You collected 564 gold pieces.

Inventory:

Missiles
 i - 306 stones (quivered)
 v - 60 arrows
Armour
 j - a +2 helmet of see invisible (melded)
 s - a +0 pair of boots (melded)
 x - the +5 plate armour "Baeny" {Str+3}
   (You found it on level 5 of the Dungeon)

   It affects your strength (+3).
 B - a +2 pair of gloves (melded)
 F - a scarf of repulsion (melded)
 U - a +0 hat
 X - a +0 shield
 Y - a +0 troll leather armour (melded)
Jewellery
 g - an uncursed ring of resist corrosion
 r - a ring of protection from magic (right front paw)
 y - an amulet of magic regeneration (around neck)
 D - an uncursed ring of ice {unknown}
 I - the ring "Ustagimp" (left front paw) {EV+5 Int+6 Dex+2}
   (You found it on level 5 of the Dungeon)

   [ring of evasion]

   It affects your evasion (+5).
   It affects your intelligence (+6).
   It affects your dexterity (+2).
 O - an uncursed ring of stealth {unknown}
Wands
 H - a wand of random effects (23/48)
 J - a wand of random effects (22/48)
 N - a wand of paralysis (14/24)
 W - a wand of lightning (11/15)
Scrolls
 b - 4 scrolls of magic mapping {unknown}
 e - a scroll of fear
 f - a scroll of enchant weapon {unknown}
 k - 6 scrolls of remove curse
 p - 6 scrolls of teleportation
 u - 4 scrolls of amnesia
 Q - 2 scrolls of fog
Potions
 l - 3 potions of agility
 m - a potion of might
 w - a potion of resistance
 C - a potion of curing
 L - 4 potions of mutation
 M - a potion of flight
 P - a potion of berserk rage
 V - a potion of haste
 Z - a potion of brilliance {unknown}
Books
 a - a book of Minor Magic

   Spells                             Type                      Level
   a - Magic Dart                     Conjuration                  1
   b - Blink                          Translocation                2
   c - Call Imp                       Summoning                    2
   d - Slow                           Hexes                        2
   e - Conjure Flame                  Conjuration/Fire             3
   f - Mephitic Cloud                 Conjuration/Poison/Air       3
 c - a book of Changes

   Spells                             Type                      Level
   a - Beastly Appendage              Transmutation                1
   b - Sticks to Snakes               Transmutation                2
   c - Spider Form                    Transmutation/Poison         3
   d - Ice Form                       Ice/Transmutation            4
   e - Blade Hands                    Transmutation                5
 E - a book of Cantrips

   Spells                             Type                      Level
   a - Confusing Touch                Hexes                        1
   b - Animate Skeleton               Necromancy                   1
   c - Summon Small Mammal            Summoning                    1
   d - Apportation                    Translocation                1
 G - a book of Maledictions

   Spells                             Type                      Level
   a - Corona                         Hexes                        1
   b - Ensorcelled Hibernation        Hexes/Ice                    2
   c - Confuse                        Hexes                        3
   d - Tukima's Dance                 Hexes                        3
   e - Dazzling Spray                 Conjuration/Hexes            3
 S - a book of Frost

   Spells                             Type                      Level
   a - Freeze                         Ice                          1
   b - Throw Frost                    Conjuration/Ice              2
   c - Ozocubu's Armour               Charms/Ice                   3
   d - Throw Icicle                   Conjuration/Ice              4
   e - Summon Ice Beast               Ice/Summoning                4
Miscellaneous
 T - a phantom mirror
Comestibles
 d - 2 bread rations
 h - 16 royal jellies
 n - 6 meat rations
 K - 3 fruits


   Skills:
 - Level 5.6 Fighting
 - Level 6.9 Dodging
 - Level 8.6 Unarmed Combat
 - Level 5.4 Spellcasting
 - Level 7.2 Transmutations
 + Level 7.9 Ice Magic


You couldn't memorise any spells.
You knew the following spells:

 Your Spells              Type           Power        Failure   Level  Hunger
a - Beastly Appendage     Tmut           #####.       1%          1    None
b - Sticks to Snakes      Tmut           #####...     1%          2    None
c - Spider Form           Tmut/Pois      ####......   4%          3    None
d - Blink                 Tloc           N/A          9%          2    None
e - Blade Hands           Tmut           #####.....   9%          5    #####..
f - Ice Form              Ice/Tmut       ######..     2%          4    ###....
g - Ozocubu's Armour      Chrm/Ice       ####....     3%          3    None


Dungeon Overview and Level Annotations

Branches:
Dungeon (9/15)             Temple (0/1) D:4            Lair (4/6) D:8
  Swamp: Lair:2-4    Shoals: Lair:2-4     Snake: Lair:2-4    Spider: Lair:2-4
    Orc: D:9-12

Shops:
D:6 =

Annotations:
D:3 Zachthehappycat's ghost, weakling SpAr


Innate Abilities, Weirdness & Mutations

You have an increased reservoir of magic. (+10% MP)


Message History

The six-headed hydra is almost dead.
You barely miss the six-headed hydra.
The six-headed hydra is almost dead.
The six-headed hydra bites you!
* * * LOW HITPOINT WARNING * * *
The six-headed hydra closely misses you.
The six-headed hydra barely misses you.
The six-headed hydra bites you but does no damage.
The six-headed hydra misses you.
The six-headed hydra bites you but does no damage.
You hit the six-headed hydra.
The six-headed hydra seems to slow down.
You freeze the six-headed hydra.
The six-headed hydra is almost dead.
The six-headed hydra bites you.
* * * LOW HITPOINT WARNING * * *
The six-headed hydra bites you!
* * * LOW HITPOINT WARNING * * *
The six-headed hydra bites you!
You die...

.# #. .## ..
###.#..# #####.
##P.#.+.## ....#+##
.........# #......#
.........###......##
.........P#..[.....#
........F##........#
........DY.+......##
!..........#.†.....#
.........####.######
.........# #.#
#F..###### #.###
##P. #...# #..
####.### ..
##.##'#.##
##........#


You could see a six-headed hydra and a bullfrog.

Vanquished Creatures
  A two-headed ogre (D:8)
  A black mamba (Lair:3)
  2 spiny frogs
  2 komodo dragons (Lair:1)
  A troll (D:9)
  A queen bee (Lair:1)
  A dream sheep (Lair:4)
  6 blink frogs
  A hornet (D:9)
  2 hippogriffs
  4 vampire mosquitoes
  A warg (D:8)
  5 water moccasins
  4 porcupines
  2 sky beasts
  2 black bears
  An eye of draining (D:9)
  An ogre (D:5)
  A phantom (D:3)
  3 centaurs
  3 crocodiles
  8 bullfrogs
  A scorpion (D:9)
  23 killer bees (Lair:1)
  2 wights (D:8)
  2 howler monkeys
  A crimson imp (D:9)
  A bullfrog zombie (D:5)
  A centaur zombie (D:7)
  5 orc priests
  A centaur skeleton (D:5)
  Natasha (twice) (D:4)
  3 orc wizards
  2 worker ants (D:9)
  A hound zombie (D:9)
  2 hound skeletons
  A howler monkey zombie (D:8)
  A gnoll (D:1)
  4 adders
  2 oozes
  An adder zombie (D:7)
  An adder skeleton (D:9)
  A worm (D:4)
  2 dart slugs (D:3)
  A leopard gecko (D:1)
  17 orcs
  2 bats
  8 giant cockroaches
  4 goblins (D:2)
  5 hobgoblins
  5 jackals
  8 kobolds
  6 quokkas
  2 ball pythons
  6 frilled lizards
  A quokka skeleton (D:7)
  A quokka zombie (D:5)
  7 rats
186 creatures vanquished.

Vanquished Creatures (collateral kills)
  Gastronok (D:9)
  A two-headed ogre (D:7)
  2 komodo dragons (Lair:1)
  2 blink frogs (Lair:1)
  A hungry ghost (D:9)
  2 wargs (D:8)
  A porcupine (Lair:2)
  An ice beast (D:8)
  2 ogres
  A bullfrog (D:8)
  A scorpion (D:4)
  3 killer bees (Lair:1)
  A wight (D:7)
  A howler monkey (D:5)
  A jelly (D:7)
  An orc wizard (D:8)
  A bullfrog zombie (D:6)
  A centaur skeleton (D:9)
  A worker ant (D:5)
  Natasha (D:4)
  3 worms (D:2)
  An orc (D:8)
  A bat (D:1)
  A goblin (D:1)
  4 jackals
  3 kobolds
39 creatures vanquished.

Vanquished Creatures (others)
  A leopard gecko (D:5)
  A bush (Lair:1)
  A fungus (Lair:1)
  4 plants
7 creatures vanquished.

Grand Total: 232 creatures vanquished

Notes
Turn   | Place    | Note
-------+----------+-------------------------------------------
     0 | D:1      | Lenore the Demigod Transmuter began the quest for the Orb.
     0 | D:1      | Reached XP level 1. HP: 15/15 MP: 5/5
    56 | D:1      | Reached skill level 3 in Unarmed Combat
   163 | D:1      | Reached XP level 2. HP: 20/22 MP: 5/7
   186 | D:1      | Learned a level 2 spell: Sticks to Snakes
   948 | D:2      | Found a sparkling altar of Nemelex Xobeh.
   955 | D:2      | Reached XP level 3. HP: 27/27 MP: 6/8
  1106 | D:2      | Reached skill level 4 in Unarmed Combat
  1303 | D:2      | Found a shadowy altar of Dithmenos.
  1384 | D:2      | Found a shimmering altar of Xom.
  1385 | D:2      | Found a shimmering altar of Xom.
  1504 | D:2      | Found a shimmering altar of Xom.
  1504 | D:2      | Found a shimmering altar of Xom.
  2240 | D:3      | Reached XP level 4. HP: 29/34 MP: 4/9
  2687 | D:3      | Noticed Zachthehappycat's ghost (weakling SpAr)
  2843 | D:3      | Found an iron altar of Okawaru.
  2966 | D:3      | Reached skill level 5 in Unarmed Combat
  3186 | D:4      | Noticed a phantom
  3422 | D:3      | Learned a level 3 spell: Spider Form
  3658 | D:4      | Reached XP level 5. HP: 17/39 MP: 2/10
  4005 | D:5      | Entered Level 5 of the Dungeon
  4351 | D:3      | Killed a phantom
  4351 | D:3      | Reached XP level 6. HP: 24/46 MP: 8/11
  4652 | D:4      | Noticed Natasha
  4661 | D:4      | Killed Natasha
  4844 | D:4      | Noticed Natasha
  4854 | D:4      | Killed Natasha
  4854 | D:4      | Reached skill level 5 in Transmutations
  4860 | D:4      | Noticed Natasha
  4873 | D:4      | Killed Natasha
  4960 | D:4      | Found a staircase to the Ecumenical Temple.
  5071 | D:5      | Got a fine plate armour
  5072 | D:5      | Identified the +5 plate armour "Baeny" {Str+3} (You found it on level 5 of the Dungeon)
  5506 | D:5      | Reached skill level 1 in Fighting
  5506 | D:5      | Reached XP level 7. HP: 29/52 MP: 10/12
  5652 | D:5      | You fall through a shaft for 2 floors!
  5849 | D:5      | Got a steaming pewter ring
  5899 | D:5      | Identified the ring "Ustagimp" {EV+5 Int+6 Dex+2} (You found it on level 5 of the Dungeon)
  5901 | D:5      | Found a basalt altar of Yredelemnul.
  5910 | D:5      | Noticed a profane servitor
  5926 | D:5      | Found a glowing golden altar of the Shining One.
  5929 | D:5      | Noticed an angel
  6214 | D:6      | Learned a level 2 spell: Blink
  6337 | D:6      | Found Nyruklargh's Jewellery Boutique.
  7173 | D:7      | Noticed a two-headed ogre
  7190 | D:7      | Killed a two-headed ogre
  7190 | D:7      | Reached skill level 5 in Fighting
  7190 | D:7      | Reached skill level 5 in Dodging
  7190 | D:7      | Reached XP level 8. HP: 61/68 MP: 7/13
  7645 | D:7      | Found a sacrificial altar of Ru.
  7715 | D:8      | Found a snail-covered altar of Cheibriados.
  8147 | D:8      | Found an ancient bone altar of Kikubaaqudgha.
  8149 | D:8      | Found a blossoming altar of Fedhas.
  8224 | D:8      | Reached XP level 9. HP: 57/74 MP: 7/16
  8230 | D:8      | Reached skill level 6 in Unarmed Combat
  8390 | D:8      | Found a staircase to the Lair.
  8491 | D:8      | Noticed a two-headed ogre
  8508 | D:8      | Killed a two-headed ogre
  8508 | D:8      | Reached skill level 7 in Unarmed Combat
  8549 | D:8      | Learned a level 5 spell: Blade Hands
  8866 | D:9      | Noticed Gastronok
  8886 | D:9      | Killed Gastronok
  8913 | D:9      | Reached skill level 8 in Unarmed Combat
  9121 | D:9      | Reached XP level 10. HP: 75/82 MP: 15/20
  9380 | Lair:1   | Entered Level 1 of the Lair of Beasts
  9486 | Lair:1   | Learned a level 4 spell: Ice Form
  9582 | Lair:1   | Reached skill level 1 in Ice Magic
  9985 | Lair:1   | Reached skill level 5 in Ice Magic
 10038 | Lair:1   | HP: 4/98 [killer bee (6)]
 10879 | Lair:1   | Reached skill level 5 in Spellcasting
 11561 | Lair:2   | Reached XP level 11. HP: 50/88 MP: 23/23
 11679 | Lair:3   | Learned a level 3 spell: Ozocubu's Armour
 12969 | Lair:4   | Noticed a six-headed hydra
 12984 | Lair:4   | Mangled by a six-headed hydra

Skill      XL: |  1  2  3  4  5  6  7  8  9 10 11 |
---------------+----------------------------------+-----
Unarmed Combat | 3 4 5 8 |  8.6
Transmutations | 2 4 5 6 7 |  7.2
Fighting       | 1 5 |  5.6
Dodging        | 2 5 6 |  6.9
Spellcasting   | 3 4 5 |  5.4
Ice Magic      | 6 7 |  7.9

Action                   |  1- 3 |  4- 6 |  7- 9 | 10-12 || total
-------------------------+-------+-------+-------+-------++-------
Melee: Unarmed           |   130 |   149 |   211 |   260 ||   750
       Kick              |    11 |    10 |       |       ||    21
       Headbutt          |     2 |    11 |       |       ||    13
       Punch             |     1 |     4 |     1 |     2 ||     8
Throw: Stone             |     3 |     3 |     2 |       ||     8
 Cast: Beastly Appendage |    16 |    15 |     1 |       ||    32
       Sticks to Snakes  |    12 |    19 |    24 |    27 ||    82
       Spider Form       |       |    11 |    32 |    13 ||    56
       Ice Form          |       |       |       |    10 ||    10
       Blade Hands       |       |       |       |     4 ||     4
       Ozocubu's Armour  |       |       |       |     9 ||     9
  Use: Scroll            |     3 |     6 |     6 |     6 ||    21
       Potion            |     1 |       |     2 |     5 ||     8
 Stab: Sleeping          |     1 |     1 |     5 |       ||     7
       Distracted        |     1 |     1 |     3 |       ||     5
       Invisible         |       |       |       |     2 ||     2
  Eat: Chunk             |     5 |     4 |     5 |     6 ||    20
       Bread ration      |       |     1 |     1 |     2 ||     4
       Meat ration       |       |     1 |     1 |       ||     2
Armor: Robe              |    27 |    22 |     2 |       ||    51
       Skin              |       |     2 |    10 |    29 ||    41
       Troll leather arm |       |       |       |     7 ||     7
Dodge: Dodged            |    82 |   124 |   263 |   303 ||   772
       Deflected         |       |       |     1 |       ||     1
